 Dungeon Crawl Stone Soup version 0.17-a0-1646-geb1493d (webtiles) character file.

34122 Nebulos the Fighter (level 13, -41/123 HPs)
             Began as a Minotaur Fighter on Aug 10, 2015.
             Was a High Priest of Trog.
             Annihilated by a titanic slime creature (96 damage)
             ... on level 14 of the Dungeon.
             The game lasted 01:30:41 (13528 turns).

Nebulos the Fighter (Minotaur Fighter)             Turns: 13528, Time: 01:30:41

Health: -41/123    AC: 15    Str: 25    XL:     13   Next: 40%
Magic:  0/16       EV: 13    Int:  2    God:    Trog [*****.]
Gold:   776        SH: 13    Dex: 10    Spells: 0 memorised, 18 levels left

rFire  + + .     SeeInvis +     a - +4 flail
rCold  . . .     Clarity  .     w - +1 ring mail of Beogh's Whim {rElec rF+ Int-4 Slay+2}
rNeg   . . .     SustAt   .     M - +0 shield {AC+3}
rPois  .         Gourm    .     R - +1 hat {MR+}
rElec  +         Spirit   +     K - +0 cloak
rCorr  .         Warding  .     D - +0 pair of gloves
rMut   .         Stasis   .     (no boots)
MR     +....                    l - amulet of guardian spirit
Stlth  +.........               d - ring of see invisible
                                (no ring)

@: exhausted, slowed, very slow, somewhat resistant to hostile enchantments,
very unstealthy
A: retaliatory headbutt, horns 2, fire resistance 1, electricity resistance
a: Burn Spellbooks, Berserk, Trog's Hand, Brothers in Arms, Renounce Religion


You were on level 14 of the Dungeon.
You worshipped Trog.
Trog was extremely pleased with you.
You were not hungry.

You visited 3 branches of the dungeon, and saw 16 of its levels.

You collected 776 gold pieces.

Inventory:

Hand weapons
 a - a +4 flail (weapon)
 b - a +3 blowgun
 U - a +0 flail of protection
Missiles
 o - 4 curare-tipped needles
 u - 42 poisoned needles
Armour
 w - the +1 ring mail of Beogh's Whim (worn) {rElec rF+ Int-4 Slay+2}
   (You found it on level 1 of the Lair of Beasts)

   It affects your intelligence (-4).
   It affects your accuracy and damage with ranged weapons and melee attacks
   (+2).
   It protects you from fire.
   It insulates you from electricity.
 D - a +0 pair of gloves (worn)
 K - a +0 cloak (worn)
 M - a +0 shield of protection (worn)
 R - a +1 hat of magic resistance (worn)
Jewellery
 d - a ring of see invisible (right hand)
 l - an amulet of guardian spirit (around neck)
 n - an uncursed ring of protection from magic
 p - an uncursed ring of sustain attributes
 r - an uncursed amulet of regeneration
 t - an uncursed ring of flight
 x - an uncursed ring of ice
 C - an uncursed ring of protection from cold
 N - an uncursed amulet of clarity
 X - an uncursed ring of teleportation
Magical devices
 i - a wand of disintegration (13)
 k - a wand of fire (9)
 y - a wand of paralysis (5)
 B - a wand of disintegration (4)
 G - a wand of polymorph (3)
 O - a wand of fireball (3)
 V - a wand of lightning (6)
 W - a wand of frost (34)
 Z - a wand of paralysis (5)
Scrolls
 c - a scroll of fog
 f - 3 scrolls of identify
 s - 3 scrolls of magic mapping
 z - 2 scrolls of blinking {unknown}
 J - 2 scrolls of remove curse
 P - a scroll of recharging
 T - a scroll of holy word {unknown}
Potions
 g - a potion of poison {unknown}
 h - 2 potions of flight
 m - 2 potions of cure mutation {unknown}
 q - a potion of mutation
 A - a potion of beneficial mutation {unknown}
 E - a potion of agility
 F - a potion of haste {unknown}
 H - 2 potions of magic
 I - a potion of might
 Q - a potion of cancellation {unknown}
Miscellaneous
 e - a lantern of shadows
 Y - a box of beasts
Comestibles
 j - 4 chunks of flesh
 v - 8 slices of pizza


   Skills:
 * Level 13.9 Fighting
   Level 5.9(9.0) Axes
 + Level 10.5(11.1) Maces & Flails
 + Level 1.6 Throwing
 + Level 11.3 Armour
 + Level 7.6 Dodging
 + Level 2.2 Stealth
 + Level 12.7 Shields
 + Level 0.4 Unarmed Combat
 - Level 3.1 Spellcasting
 * Level 5.1 Evocations


You had 18 spell levels left.
You didn't know any spells.

Dungeon Overview and Level Annotations

Branches:
Dungeon (14/15)            Temple (1/1) D:4            Lair (1/8) D:10
    Orc (0/4) D:11
 Vaults: D:13-14

Altars:
Ashenzari
Cheibriados
Dithmenos
Elyvilon
Fedhas
Gozag
Kikubaaqudgha
Makhleb
Nemelex Xobeh
Okawaru
Qazlal
Ru
Sif Muna
Trog
Vehumet
Xom
Yredelemnul
Zin
The Shining One

Annotations:
D:12 Erica, Harold


Innate Abilities, Weirdness & Mutations

You reflexively headbutt those who attack you in melee.
You have a pair of horns on your head.
Your flesh is heat resistant.
You are resistant to electric shocks.


Message History

You sock the slime creature!
You kill the slime creature!
Trog accepts your kill.
The large slime creature closely misses you.
Two slime creatures merge to form a titanic slime creature.
You feel a strong urge to attack something.
You sock the titanic slime creature!
The titanic slime creature is lightly wounded.
You sock the titanic slime creature!
You headbutt the titanic slime creature!
The titanic slime creature is moderately wounded.
The titanic slime creature hits you!!!!
You are no longer berserk.
You are exhausted.
You feel yourself slow down.
You block the titanic slime creature's attack.
The titanic slime creature hits you! The titanic slime creature hits you!!!!
Ouch! That really hurt!
You die...

#..........# #....##.##.#
##....##.##.#
#......#.##.#
#.####.#.##.#
#.#..#.#.##.#
#.#....#.##.#
###.##.#.#.##.#####
..#.##.###.##...@.#
#.#.##.#.......J#.####
#.#.##.#.#.####.#....#
#.#.##.#.#.# #.####.#
#.#.##.#.#.# #.# #.#
#.#.#....#.# #.# #.#
#.#.######.# #.# #.#
..#(.......# #.####.####
###############.#.......#


You could see a titanic slime creature.

Vanquished Creatures
  Gastronok (D:8)
  Kirke (D:14)
  Maud (D:14)
  A salamander stormcaller (D:14)
  Snorg (D:14)
  A hydra (D:14)
  3 centaur warriors (D:14)
  2 tengu warriors
  Sonja (D:12)
  8 hill giants
  An ugly thing (D:11)
  2 spiny frogs (Lair:1)
  Maurice (D:8)
  2 cyclopes (D:14)
  A guardian serpent (shapeshifter) (D:14)
  A black mamba (Lair:1)
  Psyche (D:8)
  A komodo dragon (Lair:1)
  A kobold demonologist (D:14)
  3 polar bears (D:8)
  5 two-headed ogres
  Prince Ribbit (D:7)
  A slime creature (D:14)
  A deep elf mage (D:11)
  A spriggan (D:9)
  3 shadows
  A wraith (D:8)
  A steam dragon (D:12)
  4 hippogriffs
  A hungry ghost (D:7)
  The ghost of timbw the Chopper, an average CeBe of Trog (D:4)
  A basilisk (D:14)
  5 hogs (D:14)
  6 yaks (D:14)
  2 wyverns
  Menkaure (D:4)
  2 deep elf fighters
  14 wolves
  A porcupine (Lair:1)
  3 phantoms
  Purgy (D:4)
  3 eyes of draining
  3 water moccasins
  A necrophage (D:14)
  6 orc warriors
  5 ice beasts
  5 centaurs
  A crocodile (D:10)
  7 ogres
  A big kobold (D:10)
  Blork the orc (D:4)
  A wyvern zombie (D:7)
  10 giant frogs
  A water moccasin zombie (D:9)
  A water moccasin skeleton (D:8)
  6 scorpions
  A troll zombie (D:8)
  10 wights
  14 killer bees
  An electric eel (D:8)
  2 quasits
  5 crimson imps
  6 hounds
  2 giant frog zombies
  3 centaur zombies
  2 giant frog skeletons
  10 orc wizards
  A gnoll shaman (D:8)
  4 human zombies (D:8)
  3 jellies
  4 orc priests
  2 centaur skeletons
  A human skeleton (D:8)
  6 iguanas
  10 worker ants
  A killer bee zombie (D:9)
  A centaur simulacrum (D:8)
  A giant frog simulacrum (D:8)
  An ogre skeleton (D:8)
  A mummy (D:8)
  A hound skeleton (D:5)
  A killer bee simulacrum (D:8)
  3 worker ant zombies
  9 river rats
  9 gnolls (D:8)
  12 adders
  A shadow imp (D:11)
  An ufetubus (D:8)
  An ooze (D:1)
  An adder skeleton (D:4)
  2 worms (D:3)
  61 orcs
  18 bats
  11 giant cockroaches
  6 goblins
  7 hobgoblins
  17 jackals
  9 quokkas
  2 giant geckos
  2 giant gecko skeletons
  7 giant newts
  A jackal skeleton (D:4)
  10 kobolds
  An orc zombie (D:8)
  14 rats
  A plant (D:7)
442 creatures vanquished.

Vanquished Creatures (collateral kills)
  A kobold demonologist (D:13)
  2 big kobolds (D:13)
  A kobold (D:13)
4 creatures vanquished.

Vanquished Creatures (others)
  A gargoyle (D:13)
  4 fungi (D:10)
  4 plants
9 creatures vanquished.

Grand Total: 455 creatures vanquished

Notes
Turn   | Place    | Note
--------------------------------------------------------------
     0 | D:1      | Nebulos the Minotaur Fighter began the quest for the Orb.
     0 | D:1      | Reached XP level 1. HP: 19/19 MP: 0/0
    89 | D:1      | Reached skill level 4 in Fighting
   148 | D:1      | Reached XP level 2. HP: 24/27 MP: 1/1
   682 | D:2      | Reached XP level 3. HP: 34/34 MP: 2/2
   703 | D:2      | Found a shimmering altar of Xom.
   801 | D:2      | Found a faded altar to an unknown god.
  1336 | D:3      | Reached XP level 4. HP: 37/41 MP: 3/3
  1631 | D:4      | Noticed timbw's ghost (average CeBe)
  1708 | D:4      | Killed timbw's ghost
  1708 | D:4      | Reached skill level 5 in Fighting
  1708 | D:4      | Reached skill level 5 in Armour
  1708 | D:4      | Reached skill level 1 in Dodging
  1708 | D:4      | Reached skill level 5 in Shields
  1708 | D:4      | Reached XP level 5. HP: 12/48 MP: 4/4
  1776 | D:4      | Noticed Menkaure
  1826 | D:4      | Noticed an ogre
  1831 | D:4      | Killed an ogre
  1831 | D:4      | Reached XP level 6. HP: 56/56 MP: 5/5
  1861 | D:4      | Noticed Purgy
  1863 | D:4      | Noticed an eye of draining
  1864 | D:4      | Noticed an eye of draining
  1871 | D:4      | Killed Purgy
  1876 | D:4      | Killed an eye of draining
  1876 | D:4      | Reached skill level 6 in Fighting
  1876 | D:4      | Reached XP level 7. HP: 63/63 MP: 0/6
  1878 | D:4      | Killed an eye of draining
  1881 | D:4      | Found a bloodstained altar of Trog.
  1955 | D:5      | Entered Level 5 of the Dungeon
  2056 | D:5      | Reached skill level 7 in Fighting
  2202 | D:5      | Reached skill level 5 in Axes
  2202 | D:5      | Reached XP level 8. HP: 73/73 MP: 7/7
  2700 | D:6      | Reached skill level 1 in Stealth
  2899 | D:6      | Found a radiant altar of Vehumet.
  3100 | D:7      | Found a glowing silver altar of Zin.
  3203 | D:7      | Reached skill level 8 in Fighting
  3297 | D:7      | Noticed Prince Ribbit
  3338 | D:7      | Reached skill level 1 in Spellcasting
  3473 | D:7      | Reached skill level 1 in Maces & Flails
  3473 | D:7      | Reached XP level 9. HP: 81/81 MP: 9/9
  3571 | D:7      | Killed Prince Ribbit
  4208 | D:8      | Noticed Psyche
  4517 | D:8      | Reached skill level 9 in Fighting
  4523 | D:8      | Killed Psyche
  4540 | D:8      | Reached XP level 10. HP: 71/91 MP: 12/12
  4670 | D:8      | Noticed Maurice
  4691 | D:8      | Killed Maurice
  4846 | D:8      | Gained mutation: You are resistant to electric shocks. [potion of mutation]
  4846 | D:8      | Gained mutation: Your flesh is heat resistant. [potion of mutation]
  4972 | D:8      | Found a basalt altar of Yredelemnul.
  5223 | D:8      | Paralysed by an orc priest for 7 turns
  5254 | D:8      | Noticed Gastronok
  5372 | D:4      | Killed Menkaure
  5372 | D:4      | Reached skill level 10 in Fighting
  5372 | D:4      | Reached skill level 5 in Maces & Flails
  5382 | D:4      | Noticed Blork the orc
  5392 | D:4      | Killed Blork the orc
  5402 | D:4      | Found a shattered altar of Ashenzari.
  5433 | D:4      | Found a staircase to the Ecumenical Temple.
  5487 | Temple   | Entered the Ecumenical Temple
  5673 | D:2      | Became a worshipper of Trog the Wrathful
  5673 | D:2      | Acquired Trog's first power
  5774 | D:4      | Found a stormy altar of Qazlal.
  5792 | D:4      | Found a deep blue altar of Sif Muna.
  5793 | D:4      | Found an opulent altar of Gozag.
  5793 | D:4      | Found an iron altar of Okawaru.
  5793 | D:4      | Found a white marble altar of Elyvilon.
  5794 | D:4      | Found a snail-covered altar of Cheibriados.
  5795 | D:4      | Found a burning altar of Makhleb.
  5797 | D:4      | Found a shattered altar of Ashenzari.
  5798 | D:4      | Found a shadowy altar of Dithmenos.
  5974 | D:4      | Found an ancient bone altar of Kikubaaqudgha.
  6097 | D:8      | Killed Gastronok
  6097 | D:8      | Reached skill level 5 in Dodging
  6097 | D:8      | Reached skill level 10 in Shields
  6104 | D:8      | Reached XP level 11. HP: 76/101 MP: 14/14
  6451 | D:9      | Reached skill level 10 in Armour
  6708 | D:9      | Acquired Trog's second power
  6797 | D:9      | Noticed a hill giant
  6807 | D:9      | Killed a hill giant
  7010 | D:10     | Entered Level 10 of the Dungeon
  7189 | D:10     | Noticed a hill giant
  7196 | D:10     | Killed a hill giant
  7229 | D:10     | Noticed a hill giant
  7463 | D:10     | Reached skill level 11 in Fighting
  7537 | D:10     | Found a staircase to the Lair.
  7666 | D:10     | Killed a hill giant
  8461 | D:11     | Noticed a hill giant
  8470 | D:11     | Killed a hill giant
  8594 | D:11     | Found a staircase to the Orcish Mines.
  8716 | D:11     | Noticed a hill giant
  8721 | D:11     | Noticed a hill giant
  8723 | D:11     | Killed a hill giant
  8726 | D:11     | Killed a hill giant
  9131 | D:11     | Reached skill level 12 in Fighting
  9131 | D:11     | Reached skill level 1 in Evocations
  9144 | D:11     | Acquired Trog's third power
  9441 | Lair:1   | Entered Level 1 of the Lair of Beasts
  9516 | Lair:1   | Reached XP level 12. HP: 112/112 MP: 13/15
  9708 | Lair:1   | Got a brightly glowing ring mail
  9719 | Lair:1   | Identified the +1 ring mail of Beogh's Whim {rElec rF+ Int-4 Slay+2} (You found it on level 1 of the Lair of Beasts)
 10716 | D:12     | Noticed Sonja
 10727 | D:12     | Killed Sonja
 11054 | D:12     | Noticed Erica
 11054 | D:12     | Noticed Harold
 11156 | D:13     | Reached skill level 1 in Throwing
 11157 | D:13     | Noticed an eight-headed hydra
 11159 | D:13     | Noticed a centaur warrior
 11163 | D:13     | Noticed a centaur warrior
 11326 | D:14     | Noticed a centaur warrior
 11333 | D:14     | Killed a centaur warrior
 11514 | D:14     | Noticed a centaur warrior
 11530 | D:14     | Killed a centaur warrior
 11577 | D:14     | Noticed a centaur warrior
 11589 | D:14     | Killed a centaur warrior
 11656 | D:14     | Noticed Maud
 11676 | D:14     | Killed Maud
 11676 | D:14     | Reached skill level 13 in Fighting
 12073 | D:14     | Noticed a salamander stormcaller
 12089 | D:14     | Killed a salamander stormcaller
 12089 | D:14     | Reached XP level 13. HP: 38/122 MP: 2/16
 12449 | D:14     | Reached skill level 10 in Maces & Flails
 12469 | D:14     | Noticed a four-headed hydra
 12480 | D:14     | Killed a four-headed hydra
 12563 | D:14     | Found a radiant altar of Vehumet.
 12610 | D:14     | Noticed Snorg
 12634 | D:14     | Killed Snorg
 12702 | D:14     | Reached skill level 5 in Evocations
 12868 | D:14     | Noticed Kirke
 12957 | D:14     | Killed Kirke
 13528 | D:14     | Annihilated by a titanic slime creature

Vault maps used:
D:1:      eino_arrival_druids_welcome, minmay_misc_feat_four_crosses,
          minmay_close_crescents
D:2:      xom_teletrap_fun, ecumenical_altar_2
D:4:      kennysheep_little_box, minitemple, trog_eyes_of_draining, temple_hall,
          first_bread, ashenzari_altar_1, uniq_purgy, uniq_blork_the_orc,
          uniq_menkaure
D:6:      old_standard_altar
D:7:      wad_woods_stonehenge, uniq_prince_ribbit1
D:8:      lemuel_mausoleum_altar_yredelemnul, serial_ice, serial_ice_o,
          serial_ice_c, serial_ice_k, serial_ice_a, uniq_gastronok, uniq_psyche,
          uniq_maurice
D:9:      grunt_pizzeria
D:10:     grunt_lair_entry_elf_guard_hut
D:11:     david_orc_2
D:12:     sword_in_stone, uniq_sonja, uniq_rupert, uniq_nergalle
D:13:     david_vaults_2, serial_shops, nicolae_shop_stone
D:14:     wad_arrow_thing, lemuel_crystal_altar, eino_jars, uniq_snorg,
          uniq_maud, uniq_kirke
Temple:   nicolae_temple_hex_pool_5
Lair:1:   serial_bayou_shore_a

Action                   |  1- 3 |  4- 6 |  7- 9 | 10-12 | 13-15 || total
-------------------------+-------+-------+-------+-------+-------++-------
Melee: War axe           |   116 |    47 |   128 |     3 |       ||   294
       Dagger            |     1 |       |     3 |       |       ||     4
       Flail             |       |       |   246 |   894 |   119 ||  1259
       Unarmed           |       |       |       |       |    17 ||    17
 Fire: Blowgun           |       |       |       |    13 |     6 ||    19
Invok: Berserk           |       |       |       |    14 |     6 ||    20
       Brothers in Arms  |       |       |       |     1 |       ||     1
       Burn Spellbooks   |       |       |       |       |     1 ||     1
 Abil: Evoke Teleportati |       |       |       |     1 |       ||     1
Evoke: Wand              |       |       |       |     9 |       ||     9
  Use: Scroll            |     8 |     1 |     3 |    13 |       ||    25
       Potion            |       |     2 |       |     7 |     2 ||    11
 Stab: Paralysed         |       |       |       |     4 |       ||     4
  Eat: Chunk             |     2 |     1 |    11 |    35 |     8 ||    57
       Fruit             |       |     1 |     2 |     1 |       ||     4
       Pizza             |       |       |       |     5 |       ||     5
       Bread ration      |       |       |       |       |     1 ||     1
